 Dungeon Crawl Stone Soup version 0.31-a0-263-ge8cad7f256 (webtiles) character file.

Game seed: 17728617273920032339

2577582 Monkooky the Skinwalker (level 22, 133/133 HPs)
             Began as a Tengu Shapeshifter on July 14, 2023.
             Was the Champion of Jiyva.
             Escaped with the Orb
             ... and 3 runes!
             The game lasted 01:45:06 (29288 turns).

Monkooky the Skinwalker (Tengu Shapeshifter)       Turns: 29288, Time: 01:45:07

Health: 133/133    AC: 17    Str: 24    XL:     22   Next: 86%
Magic:  40/40      EV: 53    Int:  8    God:    Jiyva [******]
Gold:   124        SH:  0    Dex: 28    Spells: 29/41 levels left

rFire   + .          .
                       - Unarmed
rCold   . . .        (shield currently unavailable)
rNeg    . . .        a - melded +1 animal skin
rPois   ∞            (helmet currently unavailable)
rElec   +            (cloak currently unavailable)
rCorr   +            (gloves currently unavailable)
SInv    .            (boots unavailable)
Will    +....        z - amulet of guardian spirit
Stlth   ++           U - ring of Nozue {rCorr Str+4 Dex+6}
HPRegen 2.02/turn    O - ring of Traps {rPois rF+}
MPRegen 0.77/turn

%: guardian spirit
@: storm-form, flying quickly and evasively, quick
A: cleaving, insubstantial, flying, (beak), (talons 3), nimble flight,
(iridescent scales 1), (large bone plates 1), (cold resistance 3), high MP 1,
(eyeballs 3), evolution 2, (tendrils), (jelly sensing items), inability to drink
after injury 1
0: Orb of Zot
}: 3/15 runes: barnacled, slimy, gossamer
a: Blinkbolt, Begin Untransformation, Renounce Religion, Oozemancy, Slimify


You escaped.
You worshipped Jiyva.
Jiyva was exalted by your worship.
You were a lightning-filled tempest!
You visited 8 branches of the dungeon, and saw 44 of its levels.
You visited 1 bazaar.
You also visited: Bailey, Gauntlet, Ice Cave and Volcano.

You collected 3997 gold pieces.
You spent 3873 gold pieces at shops.

Inventory:

Armour
 a - a +1 animal skin (melded)
Jewellery
 e - a ring of magical power
 m - a +6 ring of dexterity
 y - a ring of positive energy
 z - an amulet of guardian spirit (around neck)
 F - a ring of willpower
 G - the ring of Timi {Ice rPois rCorr Int-5 Dex+4}
   (You found it on level 8 of the Dungeon)

   [ring of ice]

   It enhances your ice magic.
   Int:       It affects your intelligence (-5).
   Dex:       It affects your dexterity (+4).
   rF:        It makes you vulnerable to fire.
   rC:        It protects you from cold.
   rPois:     It protects you from poison.
   rCorr:     It protects you from acid and corrosion.
 H - the ring of Lady Luck {rC+ MP+9}
   (You found it on level 5 of the Pits of Slime)

   [ring of magical power]

   rC:        It protects you from cold.
   MP:        It affects your magic capacity (+9).
 I - the ring "Saunet" {rElec rN+}
   (You found it on level 5 of the Pits of Slime)

   [ring of positive energy]

   rElec:     It insulates you from electricity.
   rN:        It protects you from negative energy.
 O - the ring of Traps (right fist) {rPois rF+}
   (You found it on level 5 of the Pits of Slime)

   [ring of poison resistance]

   rF:        It protects you from fire.
   rPois:     It protects you from poison.
 P - a +6 ring of intelligence
 Q - a +4 ring of protection
 U - the ring of Nozue (left fist) {rCorr Str+4 Dex+6}
   (You found it in a Gauntlet)

   [ring of dexterity]

   Str:       It affects your strength (+4).
   Dex:       It affects your dexterity (+6).
   rCorr:     It protects you from acid and corrosion.
 Y - a ring of see invisible
Talismans
 d - a storm talisman
Wands
 g - a wand of digging (9)
 C - a wand of iceblast (23)
 D - a wand of flame (28)
 E - a wand of charming (42)
 R - a wand of mindburst (21)
 W - a wand of polymorph (12)
 X - a wand of quicksilver (22)
Scrolls
 j - a scroll of vulnerability
 l - 6 scrolls of fog
 n - 16 scrolls of teleportation
 o - 7 scrolls of blinking
 p - 7 scrolls of fear
 s - 5 scrolls of immolation
 w - 3 scrolls of amnesia
 B - 4 scrolls of noise
 L - a scroll of brand weapon
 N - 2 scrolls of silence
 Z - 2 scrolls of poison
Potions
 b - 6 potions of lignification
 c - 8 potions of attraction
 f - 10 potions of heal wounds
 h - 5 potions of ambrosia
 i - 6 potions of haste
 k - 6 potions of brilliance
 q - 8 potions of magic
 r - 2 potions of cancellation
 u - 4 potions of invisibility
 v - 5 potions of mutation
 x - 3 potions of enlightenment
 A - 4 potions of berserk rage
 K - 2 potions of resistance
 S - a potion of might
 T - 5 potions of curing
Miscellaneous
 t - a condenser vane
 V - a sack of spiders


   Skills:
 - Level 12.6 Fighting
 - Level 14.2 Dodging
 - Level 9.7 Stealth
 - Level 16.2 Unarmed Combat
 - Level 10.0 Spellcasting
 * Level 11.5 Translocations
 - Level 10.6 Transmutations
 - Level 6.1 Air Magic
 - Level 21.0 Shapeshifting


You had 29 spell levels left.
You knew the following spells:

 Your Spells              Type           Power      Damage    Failure   Level
a - Wereblood             Tmut           20%        N/A       1%          2
b - Blink                 Tloc           44%        N/A       1%          2
c - Apportation           Tloc           44%        N/A       1%          1
d - Swiftness             Air            13%        N/A       3%          3
e - Passage of Golubria   Tloc           22%        N/A       1%          4

Your spell library contained the following spells:

 Spells                   Type           Power      Damage    Failure   Level
 Manifold Assault         Tloc           22%        N/A       1%          4
 Passwall                 Tmut/Erth      10%        N/A       2%          2
 Portal Projectile        Hex/Tloc       26%        N/A       4%          3
 Volatile Blastmotes      Fire/Tloc      26%        2d12      4%          3
 Ignite Poison            Fire/Tmut/Pois 9%         N/A       11%         3
 Magic Dart               Conj           16%        1d3       16%         1
 Necrotise                Necr           16%        1d4       16%         1
 Sandblast                Erth           8%         2d5       16%         1
 Ensorcelled Hibernation  Hex/Ice        8%         N/A       24%         2
 Searing Ray              Conj           8%         2d4       24%         2
 Summon Forest            Summ/Tloc      6%         N/A       38%         5
 Summon Lightning Spire   Summ/Air       8%         N/A       41%         4
 Dazzling Flash           Conj/Hex       8%         N/A       43%         3
 Stone Arrow              Conj/Erth      8%         3d7       43%         3
 Vampiric Draining        Necr           4%         2d6       43%         3
 Alistair's Intoxication  Tmut/Pois      8%         N/A       45%         5
 Animate Armour           Summ/Erth      8%         N/A       83%         4
 Fulminant Prism          Conj/Hex       2%         3d5       83%         4
 Olgreb's Toxic Radiance  Pois           4%         N/A       83%         4
 Sticky Flame             Conj/Fire      4%         2d3       83%         4
 Summon Ice Beast         Ice/Summ       4%         N/A       83%         4
 Agony                    Necr           4%         N/A       99%         5
 Iskenderun's Battlesphe  Conj           4%         2d6       99%         5
 Lee's Rapid Deconstruct  Erth           2%         3d4*      99%         5
 Summon Mana Viper        Hex/Summ       4%         N/A       99%         5
 Leda's Unmaking          Conj/Erth      2%         9d1       100%        6
 Starburst                Conj/Fire      2%         6d3       100%        6
 Summon Cactus Giant      Summ           2%         N/A       100%        6
 Malign Gateway           Summ/Tloc      6%         N/A       100%        7
 Monstrous Menagerie      Summ           2%         N/A       100%        7
 Spellforged Servitor     Conj/Summ      2%         N/A       100%        7
 Summon Hydra             Summ           2%         N/A       100%        7
 Discord                  Hex            2%         N/A       100%        8
 Ignition                 Fire           2%         3d3       100%        8
 Maxwell's Capacitive Co  Air            6%         ∞         100%        8
 Summon Horrible Things   Summ           2%         N/A       100%        8
 Chain Lightning          Conj/Air       4%         3d5       100%        9
 Fire Storm               Conj/Fire      2%         8d1       100%        9
 Shatter                  Erth           2%         3d6*      100%        9
 Sublimation of Blood     Necr           Unusable   N/A       N/A         2

Dungeon Overview and Level Annotations

Branches:
Dungeon (15/15)            Temple (0/1) D:4            Lair (5/5) D:8
 Shoals (4/4) Lair:2       Spider (4/4) Lair:2        Slime (5/5) Lair:4
    Orc (2/2) D:11            Elf (0/3) Orc:2        Depths (4/4) D:15
    Zot (5/5) Depths:4     Bailey (visited)           IceCv (visited)
Volcano (visited)         Gauntlet (visited)
 Vaults: D:13-14

Altars:
Nemelex Xobeh
Ru
Sif Muna
Uskayaw
Zin
The Shining One
Ignis
Jiyva

Shops:
D:12 *   D:14 =   Orc:2 =[*[(   Depths:1 *!((   Depths:4 !*

Portals:
Hell: Depths:1 Depths:2 Depths:3 Depths:4
Abyss: Depths:3 Depths:4
Pandemonium: Depths:2 Depths:3 Depths:4
Ziggurat: Depths:4

Annotations:
Shoals:3 exclusion: downstairs
Slime:5 Royal Jelly
Zot:2 3 transporters


Innate Abilities, Weirdness & Mutations

You are a lightning-filled tempest!
Your electrical attacks strike out in all directions at once.
You are incredibly evasive.
Your insubstantial body is immune to petrification, constriction, and being set on fire You are flying.
Your armour is entirely melded.
You are incapable of wielding weapons or throwing items.
You are immune to poison.
((You have a beak for a mouth.))
((You have claws for feet.))
Your magical nature lets you fly swiftly and evasively.
((You are partially covered in iridescent scales. (AC +2)))
((You are partially covered in large bone plates. (SH +4)))
((Your flesh is almost immune to the effects of cold. (rC+++)))
You have an increased reservoir of magic. (+10% MP)
((Your body is covered in eyes which may confuse attackers. (Acc +7, SInv)))
You have great hidden genetic potential.
((You are covered in slimy tendrils that may disarm your opponents.))
((You have a small jelly attached to you that senses nearby items.))
You occasionally lose the ability to drink potions when taking damage.


Message History

HP restored.
There is a stone staircase leading up here.
You fly upwards.
You feel energetic enough to blinkbolt again.
There is a stone staircase leading down here.
A green death comes into view.
The shock of your passage hits the green death!!
The green death is moderately wounded.
You blink.
You closely miss the green death.
The green death is moderately wounded.
You blast the green death!!!
The green death is severely wounded.
The green death gestures at you.
The blast of poison engulfs you but does no damage.
You resist.
You hit the green death but do no damage.
Lightning courses through the green death!
The green death is almost dead.
The green death completely misses you.
You barely miss the green death.
The green death is almost dead.
You hit the green death but do no damage.
Lightning courses through the green death!!
You kill the green death!
(D) Dungeon (T) Temple (L) Lair (A) Shoals (N) Spider Nest (M) Slime Pits (O) Orcish Mines (E) Elven Halls (U) Depths (H) Hell (Z) Zot
Where to? (Enter - D:1, ? - help)
There is a stone staircase leading up here.
You fly upwards.
There is a stone staircase leading down here.
You feel energetic enough to blinkbolt again.
There is a stone staircase leading up here.
You fly upwards.
There is a stone staircase leading down here.
A chaos spawn comes into view.
The chaos spawn buzzes angrily.
There is a staircase leading out of the dungeon here.
You have escaped!

#.......#..............##
#..............#.....#.### ##
##.............###........######.
..............#####...[.#........
########.....#.....#.....##....#.
##.....###...###.....#....##
##.....#####.#####.........#
##.....#...........#.....#####
#.....###....v.4..###.....#...
####....#####.......#####....#.##
..##...#.....#.....#.....#...#..#
..##..###...###...###...###..#).#
..##.#####.#####.#####.#####.#.##
..##..............[..........#...
..#############..#############.#.
##.# #..## #.##.... ##.#### #.##
#.#...##


You could see a chaos spawn.

Vanquished Creatures
  2 dread liches (Zot:5)
  An ancient lich (Zot:5)
  2 orbs of fire
  A juggernaut (Depths:3)
  A Killer Klown (Zot:5)
  The ghost of Olanal the Impregnable, a veteran AtFi of Gozag (Depths:3)
  6 caustic shrikes
  A curse toe (Zot:5)
  4 golden dragons
  Jory (Depths:3)
  A Tzitzimitl (D:12)
  An electric golem (Zot:5)
  A Brimstone Fiend (Depths:1)
  3 hellephants (Depths:1)
  4 tentacled monstrosities
  2 liches (Depths:2)
  5 quicksilver dragons
  14 Orb Guardians
  2 walking divine tomes
  2 death cobs
  A kraken (Shoals:1)
  4 sphinxes
  Roxanne (Shoals:4)
  A tengu reaver (Depths:2)
  Agnes (D:15)
  Gastronok (Lair:2)
  7 shadow dragons
  6 storm dragons
  5 fire giants
  A draconian monk (Zot:3)
  4 emperor scorpions (Spider:4)
  8 frost giants
  4 ghost moths
  2 iron dragons (Depths:2)
  A balrug (Depths:3)
  2 draconian scorchers (Zot:1)
  3 draconian shifters (Zot:1)
  3 draconian stormcallers
  8 draconian annihilators
  13 very ugly things
  A broodmother (Spider:4)
  2 vampire knights
  8 green draconians
  13 stone giants
  Nessos (Lair:4)
  5 black draconians
  16 spark wasps
  7 white draconians
  3 purple draconians
  A dire elephant (Lair:5)
  2 minotaurs
  3 red draconians
  4 yellow draconians
  The ghost of Zooriak the Spear-Bearer, a journeyman DrBe of Trog (Lair:1)
  4 jiangshi
  A merfolk javelineer (Shoals:2)
  7 ettins
  13 fire dragons
  2 green deaths
  3 merfolk impalers
  3 entropy weavers
  2 rakshasas
  4 spriggan air magi
  2 hydras (Lair:3)
  A radroach (Spider:4)
  13 ice dragons
  A jorogumo (Spider:4)
  A catoblepas (Lair:5)
  An ogre mage (D:15)
  2 alligator snapping turtles
  3 merfolk avatars
  4 merfolk aquamancers
  2 centaur warriors (D:15)
  A death knight (D:15)
  2 satyrs (Shoals:2)
  9 ironbound frosthearts (IceCv)
  6 two-headed ogres
  4 boulder beetles
  8 death yaks
  6 tengu warriors
  10 deep troll earth magi
  A death scarab (Spider:4)
  2 orc high priests (Orc:2)
  8 deep troll shamans
  7 demonic crawlers
  9 hell hogs
  5 spriggan berserkers
  3 vampire magi
  22 hell knights
  2 sun demons
  10 iron trolls
  A spectral death yak (Lair:1)
  5 skysharks
  A sun moth (Spider:4)
  A sixfirhy (Depths:2)
  A salamander mystic (Depths:3)
  A spectral catoblepas (Lair:1)
  4 skeletal warriors (D:15)
  A pharaoh ant (Spider:3)
  A spectral hydra (Lair:1)
  9 orb spiders
  6 sea snakes
  A swamp dragon (Lair:3)
  30 deep trolls
  2 flayed ghosts
  3 orc knights
  An orange crystal statue (IceCv)
  2 phantasmal warriors (Depths:3)
  A lindwurm (Lair:4)
  2 necromancers
  3 wizards
  12 harpies
  A large abomination (D:10)
  3 deep elf pyromancers
  5 steelbarb worms (Spider:3)
  2 oklob plants (Lair:4)
  19 fauns
  29 ugly things
  9 manticores
  A faun (shapeshifter) (Depths:4)
  5 orc sorcerers
  22 wolf spiders
  8 cyclopes
  3 salamanders (Depths:3)
  11 moths of wrath
  A water nymph (Shoals:2)
  12 elephants
  3 merfolk sirens
  Maurice (D:10)
  2 orange demons (D:11)
  2 molten gargoyles (Volcano)
  2 rust devils
  An ice statue (Gauntlet)
  7 black mambas
  A kobold demonologist (D:10)
  13 cane toads
  7 torpor snails
  3 gargoyles
  4 freezing wraiths
  12 komodo dragons
  An unseen horror (D:11)
  12 rime drakes
  An efreet (D:15)
  A red devil (D:11)
  9 merfolk
  3 tengu conjurers
  2 burning bushes (Lair:5)
  6 trolls
  7 hornets
  9 meliai
  Prince Ribbit (Lair:1)
  A tyrant leech (Gauntlet)
  5 wind drakes
  14 polar bears
  21 tarantellas
  11 blink frogs
  10 dream sheep
  7 snapping turtles
  13 jumping spiders
  A vampire (Bailey)
  2 wraiths
  3 ynoxinuls
  18 culicivoras
  7 wyverns
  10 water elementals
  A spectral fire crab (Lair:1)
  5 basilisks
  3 neqoxecs
  3 chaos spawn
  9 fire elementals
  A fire bat (Volcano)
  A steam dragon (D:8)
  44 redbacks
  5 vampire mosquitoes (Lair:3)
  49 yaks
  2 swamp worms (Gauntlet)
  3 wargs
  Edmund (D:5)
  An acid dragon (D:9)
  2 hell hounds (Volcano)
  15 water moccasins
  2 hydra simulacra (Lair:1)
  2 ice beasts
  31 orc warriors
  A swamp drake (Lair:3)
  3 black bears
  A sky beast (D:7)
  A boggart (D:15)
  5 ogres
  23 wolves
  4 centaurs
  2 phantoms
  3 kobold brigands
  An earth elemental (D:12)
  2 scorpions
  11 bullfrogs
  2 gnoll sergeants
  A cane toad simulacrum (Lair:1)
  8 wights (D:8)
  8 killer bees
  8 vampire bats (Bailey)
  6 howler monkeys
  13 electric eels
  6 wolf zombies (Bailey)
  2 lava snakes (Volcano)
  A jelly (D:6)
  16 orc priests
  4 hounds
  2 gnoll boudas (D:9)
  3 iron imps (Gauntlet)
  A sleepcap (D:4)
  5 iguanas
  9 orc wizards
  23 gnolls
  8 adders
  2 shadow imps (D:7)
  2 white imps
  2 ufetubi
  2 worms (D:2)
  3 dart slugs
  56 orcs
  5 ball pythons
  8 endoplasms
  5 giant cockroaches
  5 hobgoblins
  3 jackals (D:2)
  30 kobolds
  A quokka (D:4)
  7 bats
  5 frilled lizards
  6 goblins
  16 orc zombies (Bailey)
  8 rats
  A fire vortex (Depths:3)
  A tentacle (Shoals:1)
1365 creatures vanquished.

Vanquished Creatures (collateral kills)
  An orb of fire (Zot:5)
  An orc warlord (Orc:2)
  An ettin (Orc:2)
  A rakshasa (Depths:2)
  2 orc warriors (Orc:2)
  2 foxfires (Lair:1)
8 creatures vanquished.

Vanquished Creatures (others)
  A fire giant (Depths:2)
  A demonspawn blood saint (Zot:5)
  A green draconian (Zot:3)
  A boulder beetle (D:14)
  A satyr (Shoals:4)
  A steelbarb worm (shapeshifter) (Depths:2)
  A guardian serpent (shapeshifter) (Depths:4)
  A raiju (shapeshifter) (Depths:4)
  A slime creature (D:14)
  An acid dragon (D:13)
  3 boggarts (D:15)
  72 jellies
  4 orc wizards
  5 orcs
  65 foxfires
  7 tentacles (Shoals:1)
166 creatures vanquished.

Grand Total: 1539 creatures vanquished

Notes
Turn   | Place    | Note
-------+----------+-------------------------------------------
     0 | D:1      | Monkooky the Tengu Shapeshifter began the quest for the
                  | Orb.
     0 | D:1      | Reached XP level 1. HP: 12/12 MP: 2/2
    79 | D:1      | Reached XP level 2. HP: 5/17 MP: 3/3
   218 | D:1      | Reached XP level 3. HP: 6/22 MP: 4/4
   657 | D:2      | Identified the +9 quarterstaff "Ficus" {flame, rC+ rCorr
                  | Str+3 Dex-2}
   805 | D:2      | Found a faded altar of an unknown god.
   813 | D:2      | Reached XP level 4. HP: 7/28 MP: 5/5
   904 | D:2      | Prayed at the altar of an unknown god.
   904 | D:2      | Became a worshipper of Ignis, the Dying Flame
  1371 | D:3      | Reached skill level 3 in Shapeshifting
  1487 | D:3      | Gained mutation: Your magical nature lets you fly swiftly
                  | and evasively. [Tengu growth]
  1487 | D:3      | Reached XP level 5. HP: 9/33 MP: 6/6
  2304 | D:4      | Reached XP level 6. HP: 7/38 MP: 7/7
  2449 | D:4      | Reached skill level 4 in Shapeshifting
  2607 | D:4      | Found a staircase to the Ecumenical Temple.
  3150 | D:4      | Reached skill level 5 in Fighting
  3279 | D:5      | Entered Level 5 of the Dungeon
  3430 | D:5      | Noticed Edmund
  3433 | D:5      | Reached XP level 7. HP: 13/44 MP: 8/8
  3444 | D:5      | Killed Edmund
  3559 | D:5      | Found a shimmering blue altar of Sif Muna.
  3652 | D:5      | Reached skill level 5 in Shapeshifting
  3652 | D:5      | Reached XP level 8. HP: 15/52 MP: 9/9
  3896 | D:5      | Found a glowing golden altar of the Shining One.
  4343 | D:6      | Reached skill level 1 in Spellcasting
  4379 | D:6      | Noticed a troll
  4384 | D:6      | Killed a troll
  4508 | D:6      | Found a glowing silver altar of Zin.
  4520 | D:6      | Reached XP level 9. HP: 17/59 MP: 14/16
  5592 | D:8      | Found a flagged portal.
  5608 | D:8      | Reached skill level 6 in Shapeshifting
  5610 | Bailey   | Entered a bailey
  5675 | Bailey   | Reached skill level 5 in Dodging
  5752 | Bailey   | Noticed a gargoyle
  5755 | Bailey   | Killed a gargoyle
  5756 | Bailey   | Reached skill level 5 in Unarmed Combat
  5780 | Bailey   | Reached XP level 10. HP: 19/64 MP: 17/17
  5886 | Bailey   | Identified the +2 helmet "Deosuq" {Dex+3}
  6241 | D:8      | Identified the ring of Timi {Ice rPois rCorr Int-5 Dex+4}
  6312 | D:8      | Noticed a cyclops
  6320 | D:8      | Killed a cyclops
  6321 | D:8      | Reached skill level 7 in Shapeshifting
  6636 | D:8      | Found a staircase to the Lair.
  6802 | D:8      | Reached skill level 8 in Shapeshifting
  6945 | D:9      | Reached XP level 11. HP: 20/68 MP: 18/18
  7102 | D:9      | Reached skill level 9 in Shapeshifting
  7567 | D:10     | Entered Level 10 of the Dungeon
  7808 | D:10     | Reached skill level 10 in Shapeshifting
  7838 | D:10     | Found a sparkling altar of Nemelex Xobeh.
  7862 | D:10     | Identified the +2 robe of Qazlal {Harm rF- Will+}
  7871 | D:10     | Noticed a boulder beetle
  7896 | D:10     | Killed a boulder beetle
  7898 | D:10     | Noticed Maurice
  7915 | D:10     | Killed Maurice
  8778 | D:10     | Noticed a two-headed ogre
  8794 | D:10     | Killed a two-headed ogre
  8797 | D:10     | Reached skill level 11 in Shapeshifting
  9196 | Lair:1   | Entered Level 1 of the Lair of Beasts
  9271 | Lair:1   | Reached XP level 12. HP: 22/74 MP: 19/19
  9355 | Lair:1   | Noticed Prince Ribbit
  9372 | Lair:1   | Killed Prince Ribbit
  9458 | Lair:1   | Reached skill level 12 in Shapeshifting
  9839 | Lair:1   | Found a runed translucent gate.
  9843 | Lair:1   | Found a runed translucent gate.
  9843 | Lair:1   | Found a runed translucent gate.
  9846 | Lair:1   | Noticed Zooriak's ghost (journeyman DrBe)
 10025 | Lair:1   | Killed Zooriak's ghost
 10114 | Lair:2   | Reached skill level 13 in Shapeshifting
 10128 | Lair:2   | Noticed Gastronok
 10134 | Lair:2   | Killed Gastronok
 10407 | Lair:2   | Reached skill level 14 in Shapeshifting
 10497 | Lair:2   | Noticed a death yak
 10509 | Lair:2   | Killed a death yak
 10512 | Lair:2   | Reached XP level 13. HP: 25/78 MP: 16/20
 10606 | Lair:2   | Reached skill level 15 in Shapeshifting
 10646 | Lair:2   | Found a hole to the Spider Nest.
 10998 | Lair:2   | Found a staircase to the Shoals.
 11130 | Lair:3   | Reached skill level 16 in Shapeshifting
 11997 | Lair:4   | Noticed Nessos
 11999 | Lair:4   | Killed Nessos
 12148 | Lair:4   | Reached skill level 17 in Shapeshifting
 12366 | Lair:4   | Found a viscous altar of Jiyva.
 12367 | Lair:4   | Found a staircase to the Slime Pits.
 12368 | Lair:4   | Reached XP level 14. HP: 52/84 MP: 21/21
 12372 | Lair:4   | Fell from the grace of Ignis
 12372 | Lair:4   | Became a worshipper of Jiyva Jalized the Shapeless
 12855 | Lair:5   | Entered Level 5 of the Lair of Beasts
 12863 | Lair:5   | Reached * piety under Jiyva
 13002 | Lair:5   | Noticed a dire elephant
 13012 | Lair:5   | Killed a dire elephant
 13013 | Lair:5   | Reached skill level 18 in Shapeshifting
 13136 | Lair:5   | Reached ** piety under Jiyva
 13178 | Lair:5   | Found a gate leading to a gauntlet.
 13187 | Gauntlet | Entered a Gauntlet
 13187 | Gauntlet | Found a transporter.
 13187 | Gauntlet | Found a runed translucent door.
 13188 | Gauntlet | Found a runed translucent door.
 13194 | Gauntlet | Found a transporter.
 13196 | Gauntlet | Found a transporter.
 13208 | Gauntlet | Found a runed translucent gate.
 13208 | Gauntlet | Found a runed translucent gate.
 13211 | Gauntlet | Found a runed translucent gate.
 13211 | Gauntlet | Found a transporter.
 13213 | Gauntlet | Found a transporter.
 13223 | Gauntlet | Found a transporter.
 13240 | Gauntlet | Found a transporter.
 13250 | Gauntlet | Found a transporter.
 13260 | Gauntlet | Found a transporter.
 13274 | Gauntlet | Found a transporter.
 13283 | Gauntlet | Found a transporter.
 13285 | Gauntlet | Found a transporter.
 13384 | Gauntlet | Found a transporter.
 13435 | Gauntlet | Identified the ring of Nozue {rCorr Str+4 Dex+6}
 13523 | Lair:5   | Reached *** piety under Jiyva
 14002 | Slime:1  | Entered Level 1 of the Pits of Slime
 14002 | Slime:1  | Noticed a quicksilver ooze
 14014 | Slime:3  | Noticed a quicksilver ooze
 14017 | Slime:3  | Noticed an azure jelly
 14021 | Slime:4  | Noticed a rockslime
 14021 | Slime:4  | Noticed an azure jelly
 14024 | Slime:4  | Noticed a quicksilver ooze
 14029 | Slime:5  | Entered Level 5 of the Pits of Slime
 14029 | Slime:5  | Noticed an acid blob
 14306 | D:11     | Gained mutation: You have a small jelly attached to you
                  | that senses nearby items. [Jiyva's grace]
 14306 | D:11     | Gained mutation: Your muscles are strong. (Str +4, Int/Dex
                  | -1) [Jiyva's grace]
 14306 | D:11     | Gained mutation: Your muscles are very strong. (Str +8,
                  | Int/Dex -2) [Jiyva's grace]
 14306 | D:11     | Gained mutation: You are somewhat resistant to further
                  | mutation. [Jiyva's grace]
 14364 | D:11     | Found a staircase to the Orcish Mines.
 14394 | D:11     | Reached **** piety under Jiyva
 14711 | D:12     | Found Naokuqul's Pet Rocks.
 14807 | D:12     | You are sucked into a shaft and drop 3 floors!
 14807 | D:15     | Entered Level 15 of the Dungeon
 14816 | D:15     | Reached XP level 15. HP: 63/89 MP: 16/22
 14949 | D:14     | Found Pifoje's Jewellery Shop.
 15131 | D:12     | Reached ***** piety under Jiyva
 15311 | D:12     | Lost mutation: You are somewhat resistant to further
                  | mutation. [Jiyva's grace]
 15311 | D:12     | Gained mutation: Armour fits poorly on your pseudopods.
                  | [Jiyva's grace]
 15311 | D:12     | Gained mutation: Armour fits poorly on your large
                  | pseudopods. [Jiyva's grace]
 15311 | D:12     | Gained mutation: Armour fits poorly on your massive
                  | pseudopods. [Jiyva's grace]
 15311 | D:12     | Gained mutation: You have an increased reservoir of magic.
                  | (+10% MP) [Jiyva's grace]
 15551 | Orc:1    | Entered Level 1 of the Orcish Mines
 15840 | Orc:1    | Found a dark tunnel.
 15988 | Volcano  | Entered a volcano
 15989 | Volcano  | Reached ****** piety under Jiyva
 16115 | Volcano  | Was forgiven by Ignis
 16141 | Volcano  | Found a bloodstained altar of Trog.
 16330 | Volcano  | Identified a scroll of acquirement
 16511 | Orc:2    | Entered Level 2 of the Orcish Mines
 16511 | Orc:2    | Noticed Saint Roka
 16511 | Orc:2    | Found Atih's Jewellery Shop.
 16532 | Orc:2    | Slimified Saint Roka
 16532 | Orc:2    | Saint Roka changed into Saint Roka the azure jelly
 16532 | Orc:2    | Noticed Saint Roka
 16559 | Orc:2    | Found Nurin's General Store.
 16598 | Orc:2    | Found Adireij's Antique Armour Boutique.
 16622 | Orc:2    | Noticed an orc warlord
 16625 | Orc:2    | Reached skill level 19 in Shapeshifting
 16626 | Orc:2    | Killed an orc warlord
 16633 | Orc:2    | Bought a scroll of teleportation for 42 gold pieces
 16633 | Orc:2    | Bought a potion of mutation for 112 gold pieces
 16641 | Orc:2    | Found Taloamui's Antique Weapon Emporium.
 16724 | Orc:2    | Found Uphedwucyna's Antique Armour Shoppe.
 16756 | Orc:2    | Found a staircase to the Elven Halls.
 16853 | Orc:2    | Lost mutation: Armour fits poorly on your massive
                  | pseudopods. [Jiyva's grace]
 16853 | Orc:2    | Gained mutation: You have a small jelly attached to you
                  | that may absorb projectiles. [Jiyva's grace]
 16853 | Orc:2    | Gained mutation: Your skin changes colour to match your
                  | surroundings (Stealth+). [Jiyva's grace]
 16853 | Orc:2    | Gained mutation: Your skin blends seamlessly with your
                  | surroundings (Stealth++). [Jiyva's grace]
 16853 | Orc:2    | Gained mutation: Your skin perfectly mimics your
                  | surroundings (Stealth+++). [Jiyva's grace]
 17169 | Slime:3  | Noticed a rockslime
 17202 | Slime:5  | Identified the ring of Lady Luck {rC+ MP+9}
 17250 | Slime:5  | Noticed a rockslime
 17264 | Slime:5  | Identified the +0 buckler of Bitterness {SInv}
 17268 | Slime:5  | Noticed an acid blob
 17287 | Slime:5  | Noticed an acid blob
 17297 | Slime:5  | Noticed an azure jelly
 17302 | Slime:5  | Noticed the Royal Jelly
 17304 | Slime:5  | Noticed an azure jelly
 17306 | Slime:5  | Noticed an acid blob
 17312 | Slime:5  | Identified the ring "Saunet" {rElec rN+}
 17314 | Slime:5  | Noticed an azure jelly
 17315 | Slime:5  | Got a slimy rune of Zot
 17317 | Slime:5  | Identified the ring of Traps {rPois rF+}
 17323 | Slime:5  | Noticed an acid blob
 17328 | Slime:5  | Noticed a rockslime
 17354 | Slime:5  | Noticed an acid blob
 17369 | Slime:5  | Identified the +8 dagger "Feh Ats" {speed, rPois Str-3
                  | Int+2}
 17373 | Slime:5  | Got the Precepts of Correspondence
 17418 | Slime:5  | Noticed an acid blob
 17444 | Slime:5  | Noticed a rockslime
 17454 | Slime:5  | Found a viscous altar of Jiyva.
 17631 | Slime:1  | Noticed an azure jelly
 17712 | Spider:1 | Entered Level 1 of the Spider Nest
 18127 | Spider:1 | Identified the +0 scale mail "Hexoaf" {-Tele Rampage rPois
                  | MP+9}
 18343 | Spider:2 | Reached XP level 16. HP: 81/96 MP: 25/25
 18365 | Spider:2 | You are sucked into a shaft and drop 1 floor!
 18661 | Spider:3 | Reached skill level 20 in Shapeshifting
 18895 | Spider:3 | Identified the +9 spear of the Lurker {drain, rF+}
 19103 | Spider:4 | Entered Level 4 of the Spider Nest
 19572 | Spider:4 | Lost mutation: Armour fits poorly on your large pseudopods.
                  | [Jiyva's grace]
 19572 | Spider:4 | Lost mutation: Armour fits poorly on your pseudopods.
                  | [Jiyva's grace]
 19572 | Spider:4 | Lost mutation: You have a small jelly attached to you that
                  | senses nearby items. [Jiyva's grace]
 19572 | Spider:4 | Gained mutation: You are partially covered in iridescent
                  | scales. (AC +2) [Jiyva's grace]
 19572 | Spider:4 | Gained mutation: You are mostly covered in iridescent
                  | scales. (AC +4) [Jiyva's grace]
 19572 | Spider:4 | Gained mutation: You are completely covered in iridescent
                  | scales. (AC +6) [Jiyva's grace]
 19572 | Spider:4 | Gained mutation: You are robust. (+10% HP) [Jiyva's grace]
 19585 | Spider:4 | Reached skill level 21 in Shapeshifting
 19593 | Spider:4 | Reached XP level 17. HP: 110/110 MP: 3/26
 19666 | Spider:4 | Reached skill level 10 in Unarmed Combat
 19673 | Spider:4 | Reached skill level 10 in Dodging
 19791 | Spider:4 | Got a gossamer rune of Zot
 19981 | Shoals:1 | Entered Level 1 of the Shoals
 19986 | Shoals:1 | Noticed a kraken
 20002 | Shoals:1 | Killed a kraken
 20071 | Shoals:1 | Reached skill level 10 in Fighting
 20129 | Shoals:1 | Found a flickering gateway to a bazaar.
 20144 | Bazaar   | Entered a bazaar
 20154 | Bazaar   | Found Olicvikh's Weapon Shop.
 20167 | Bazaar   | Found Gasawolo's Magic Scroll Shop.
 20174 | Bazaar   | Found Doph's Jewellery Boutique.
 20174 | Bazaar   | Found Opaji's Weapon Shop.
 20203 | Bazaar   | Bought a scroll of teleportation for 30 gold pieces
 20203 | Bazaar   | Bought a scroll of immolation for 40 gold pieces
 20203 | Bazaar   | Bought a scroll of immolation for 40 gold pieces
 20203 | Bazaar   | Bought a scroll of blinking for 75 gold pieces
 20203 | Bazaar   | Bought a scroll of identify for 20 gold pieces
 20204 | Bazaar   | Bought a scroll of identify for 20 gold pieces
 20204 | Bazaar   | Bought a scroll of revelation for 75 gold pieces
 20204 | Bazaar   | Bought a scroll of revelation for 75 gold pieces
 20873 | Shoals:2 | Found a frozen archway.
 20902 | IceCv    | Entered an ice cave
 20946 | IceCv    | Learned a level 2 spell: Wereblood
 20949 | IceCv    | Learned a level 2 spell: Blink
 20951 | IceCv    | Learned a level 1 spell: Apportation
 20978 | IceCv    | Reached skill level 1 in Transmutations
 21008 | IceCv    | Reached skill level 5 in Spellcasting
 21376 | Shoals:2 | Reached XP level 18. HP: 100/118 MP: 30/30
 21387 | Shoals:2 | Reached skill level 1 in Translocations
 21614 | Shoals:2 | Lost mutation: Your skin perfectly mimics your surroundings
                  | (Stealth+++). [Jiyva's grace]
 21614 | Shoals:2 | Lost mutation: Your muscles are very strong. (Str +8,
                  | Int/Dex -2) [Jiyva's grace]
 21614 | Shoals:2 | Gained mutation: You have a small jelly attached to you
                  | that senses nearby items. [Jiyva's grace]
 21614 | Shoals:2 | Gained mutation: Your flesh is cold resistant. (rC+)
                  | [Jiyva's grace]
 21614 | Shoals:2 | Gained mutation: Your flesh is very cold resistant. (rC++)
                  | [Jiyva's grace]
 21614 | Shoals:2 | Gained mutation: Your flesh is almost immune to the effects
                  | of cold. (rC+++) [Jiyva's grace]
 21836 | Shoals:2 | Found a hide-covered altar of Uskayaw.
 21863 | Shoals:2 | Reached skill level 1 in Stealth
 21876 | Shoals:2 | Identified the +4 arbalest of the Damp God {drain, Int+2}
 22500 | Shoals:4 | Entered Level 4 of the Shoals
 22500 | Shoals:4 | Noticed Roxanne
 22517 | Shoals:4 | Killed Roxanne
 22575 | Shoals:4 | Got a barnacled rune of Zot
 23006 | D:15     | Found a staircase to the Depths.
 23179 | D:15     | Noticed Agnes
 23182 | D:15     | Killed Agnes
 23498 | Depths:1 | Entered Level 1 of the Depths
 23505 | Depths:1 | Reached skill level 5 in Stealth
 23518 | Depths:1 | Learned a level 3 spell: Swiftness
 23523 | Depths:1 | Learned a level 4 spell: Passage of Golubria
 23549 | Depths:1 | Found Nimaboe's Weapon Shop.
 23647 | Depths:1 | Found a sacrificial altar of Ru.
 23743 | Depths:1 | Lost mutation: You are completely covered in iridescent
                  | scales. (AC +6) [Jiyva's grace]
 23743 | Depths:1 | Lost mutation: Your skin blends seamlessly with your
                  | surroundings (Stealth++). [Jiyva's grace]
 23743 | Depths:1 | Lost mutation: Your flesh is almost immune to the effects
                  | of cold. (rC+++) [Jiyva's grace]
 23743 | Depths:1 | Lost mutation: Your muscles are strong. (Str +4, Int/Dex
                  | -1) [Jiyva's grace]
 23743 | Depths:1 | Lost mutation: You have a small jelly attached to you that
                  | may absorb projectiles. [Jiyva's grace]
 23743 | Depths:1 | Gained mutation: You are completely covered in iridescent
                  | scales. (AC +6) [Jiyva's grace]
 23743 | Depths:1 | Gained mutation: Your mind is acute. (Int +4, Str/Dex -1)
                  | [Jiyva's grace]
 23743 | Depths:1 | Gained mutation: Your mind is very acute. (Int +8, Str/Dex
                  | -2) [Jiyva's grace]
 23743 | Depths:1 | Gained mutation: Your melee attacks may engulf your foes in
                  | ooze. [Jiyva's grace]
 23744 | Depths:1 | Lost mutation: Your melee attacks may engulf your foes in
                  | ooze. [potion of mutation]
 23744 | Depths:1 | Lost mutation: Your skin changes colour to match your
                  | surroundings (Stealth+). [potion of mutation]
 23744 | Depths:1 | Lost mutation: Your mind is very acute. (Int +8, Str/Dex
                  | -2) [potion of mutation]
 23744 | Depths:1 | Gained mutation: You are somewhat resistant to further
                  | mutation. [potion of mutation]
 23772 | Depths:1 | Reached XP level 19. HP: 126/126 MP: 32/32
 23789 | Depths:1 | You are sucked into a shaft and drop 1 floor!
 23866 | Depths:2 | Found a gateway to Hell.
 24057 | Depths:1 | Noticed a hellephant
 24074 | Depths:1 | Noticed a hellephant
 24076 | Depths:1 | Noticed a hellephant
 24080 | Depths:1 | Killed a hellephant
 24215 | Depths:1 | Killed a hellephant
 24236 | Depths:1 | Found Ogoumowu's General Store.
 24238 | Depths:1 | Found Ocziax's Distillery.
 24241 | Depths:1 | Found Faczimat's Antique Weapon Boutique.
 24245 | Depths:1 | Killed a hellephant
 24256 | Depths:1 | Bought a wand of quicksilver (3) for 138 gold pieces
 24258 | Depths:1 | Bought a potion of magic for 168 gold pieces
 24258 | Depths:1 | Bought a potion of ambrosia for 168 gold pieces
 24258 | Depths:1 | Bought a potion of heal wounds for 105 gold pieces
 24258 | Depths:1 | Bought a potion of magic for 168 gold pieces
 24258 | Depths:1 | Bought a potion of heal wounds for 105 gold pieces
 24258 | Depths:1 | Bought a potion of resistance for 210 gold pieces
 24258 | Depths:1 | Bought a potion of berserk rage for 105 gold pieces
 24461 | Depths:1 | Reached skill level 15 in Unarmed Combat
 24605 | Depths:2 | Found a runed translucent door.
 24917 | Depths:2 | Identified the +0 scale mail of Responsibility {Str+3
                  | Slay+5}
 24966 | Depths:2 | Found a one-way gate leading to the halls of Pandemonium.
 25157 | Depths:2 | Found a runed translucent door.
 25157 | Depths:2 | Found a runed translucent door.
 25167 | Depths:2 | Reached XP level 20. HP: 135/135 MP: 29/33
 25244 | Depths:2 | Noticed a golden dragon
 25250 | Depths:2 | Killed a golden dragon
 25292 | Depths:2 | Paralysed by a sphinx for 5 turns
 25467 | Depths:3 | Noticed Olanal's ghost (veteran AtFi)
 25469 | Depths:3 | Found a runed translucent door.
 25500 | Depths:3 | Killed Olanal's ghost
 25623 | Depths:3 | Lost mutation: You are completely covered in iridescent
                  | scales. (AC +6) [Jiyva's grace]
 25623 | Depths:3 | Lost mutation: You are mostly covered in iridescent scales.
                  | (AC +4) [Jiyva's grace]
 25623 | Depths:3 | Lost mutation: You are somewhat resistant to further
                  | mutation. [Jiyva's grace]
 25623 | Depths:3 | Gained mutation: Your body has grown eyes which may confuse
                  | attackers. (Acc +3) [Jiyva's grace]
 25623 | Depths:3 | Gained mutation: Your body has grown many eyes which may
                  | confuse attackers. (Acc +5) [Jiyva's grace]
 25623 | Depths:3 | Gained mutation: Your body is covered in eyes which may
                  | confuse attackers. (Acc +7, SInv) [Jiyva's grace]
 25623 | Depths:3 | Gained mutation: You are partially covered in large bone
                  | plates. (SH +4) [Jiyva's grace]
 25777 | Depths:3 | Found a one-way gate to the infinite horrors of the Abyss.
 25929 | Depths:3 | Noticed a caustic shrike
 25933 | Depths:3 | Killed a caustic shrike
 25944 | Depths:3 | Identified the staff "Zumuh" {rPois rN++ Int+8 Dex-4
                  | Poison}
 25952 | Depths:3 | Noticed a juggernaut
 25957 | Depths:3 | Killed a juggernaut
 25958 | Depths:3 | Reached skill level 5 in Transmutations
 25974 | Depths:3 | Identified the +4 scimitar of Moderation {antimagic, Int+3}
 26283 | Depths:3 | Noticed Jory
 26290 | Depths:3 | Killed Jory
 26552 | Depths:4 | Entered Level 4 of the Depths
 26574 | Depths:4 | Noticed a caustic shrike
 26580 | Depths:4 | Noticed a caustic shrike
 26581 | Depths:4 | Noticed a caustic shrike
 26583 | Depths:4 | Noticed a caustic shrike
 26584 | Depths:4 | Killed a caustic shrike
 26585 | Depths:4 | Reached XP level 21. HP: 117/140 MP: 25/37
 26592 | Depths:4 | Killed a caustic shrike
 26593 | Depths:4 | Killed a caustic shrike
 26596 | Depths:4 | Killed a caustic shrike
 26600 | Depths:4 | Noticed a caustic shrike
 26613 | Depths:4 | Killed a caustic shrike
 26745 | Depths:4 | Found a gate to the Realm of Zot.
 26745 | Depths:4 | Noticed a golden dragon
 26750 | Depths:4 | Killed a golden dragon
 26796 | Depths:4 | Reached skill level 10 in Transmutations
 26826 | Depths:4 | Found a one-way gateway to a ziggurat.
 26853 | Depths:4 | Found Tusikh's Gadget Gallery.
 26864 | Depths:4 | Bought a wand of iceblast (4) for 220 gold pieces
 26864 | Depths:4 | Bought a wand of iceblast (6) for 331 gold pieces
 26864 | Depths:4 | Bought a wand of quicksilver (3) for 289 gold pieces
 26864 | Depths:4 | Bought a wand of charming (1) for 55 gold pieces
 26864 | Depths:4 | Acquired 1228 gold pieces
 26866 | Depths:4 | Bought a wand of quicksilver (6) for 579 gold pieces
 26866 | Depths:4 | Bought a wand of digging (5) for 483 gold pieces
 26866 | Depths:4 | Bought a wand of charming (4) for 220 gold pieces
 27083 | Depths:4 | Found Onygg's Distillery.
 27279 | Zot:1    | Entered Level 1 of the Realm of Zot
 27303 | Zot:1    | Reached skill level 10 in Spellcasting
 27317 | Zot:1    | Reached skill level 1 in Air Magic
 27496 | Zot:1    | Reached skill level 5 in Air Magic
 27571 | Zot:2    | Found a transporter.
 27571 | Zot:2    | Found a transporter.
 27573 | Zot:2    | Found a transporter.
 27573 | Zot:2    | Found a transporter.
 27615 | Zot:2    | Reached skill level 5 in Translocations
 27761 | Zot:3    | Noticed an orb of fire
 27771 | Zot:3    | Killed an orb of fire
 27772 | Zot:3    | Reached XP level 22. HP: 96/146 MP: 27/40
 27952 | Zot:3    | Lost mutation: Your mind is acute. (Int +4, Str/Dex -1)
                  | [Jiyva's grace]
 27952 | Zot:3    | Lost mutation: You are robust. (+10% HP) [Jiyva's grace]
 27952 | Zot:3    | Gained mutation: You are covered in slimy tendrils that may
                  | disarm your opponents. [Jiyva's grace]
 27952 | Zot:3    | Gained mutation: Your flesh is almost immune to the effects
                  | of cold. (rC+++) [Jiyva's grace]
 27952 | Zot:3    | Gained mutation: You have hidden genetic potential.
                  | [Jiyva's grace]
 27952 | Zot:3    | Gained mutation: You have great hidden genetic potential.
                  | [Jiyva's grace]
 28111 | Zot:3    | Noticed a golden dragon
 28121 | Zot:3    | Killed a golden dragon
 28208 | Zot:4    | Noticed a golden dragon
 28281 | Zot:4    | Killed a golden dragon
 28302 | Zot:5    | Entered Level 5 of the Realm of Zot
 28603 | Zot:5    | Noticed a Killer Klown
 28606 | Zot:5    | Killed a Killer Klown
 28613 | Zot:5    | Noticed a dread lich
 28613 | Zot:5    | Noticed an orb of fire
 28615 | Zot:5    | Gained mutation: You are dopey. (Int -2) [an orb of fire]
 28616 | Zot:5    | Noticed an orb of fire
 28616 | Zot:5    | Lost mutation: You are dopey. (Int -2) [an orb of fire]
 28618 | Zot:5    | Gained mutation: You occasionally lose the ability to drink
                  | potions when taking damage. [an orb of fire]
 28620 | Zot:5    | Killed an orb of fire
 28626 | Zot:5    | Noticed an ancient lich
 28627 | Zot:5    | Killed a dread lich
 28632 | Zot:5    | Noticed a dread lich
 28637 | Zot:5    | Killed an orb of fire
 28638 | Zot:5    | Noticed a curse toe
 28650 | Zot:5    | Killed an ancient lich
 28651 | Zot:5    | Reached skill level 10 in Translocations
 28653 | Zot:5    | Killed a dread lich
 28657 | Zot:5    | Killed a curse toe
 28701 | Zot:5    | Got the Orb of Zot
 28803 | Zot:3    | Noticed Peumy the pandemonium lord
 29210 | D:5      | Noticed a seraph
 29288 | D:$      | Escaped with the Orb!

Illustrated notes

Levels and vault maps discovered:
D:1:      onia_arrival_pyramid, layout_basic, minmay_misc_feat_diagonals,
          minmay_misc_feat_room
D:2:      layout_basic, serial_corexii_hall, corexii_hall_statues_u,
          chequers_hall_statues_y, shapermc_ecumenical_altar_mp_ritualfount,
          lexackson_kobold_supper
D:3:      layout_basic, st_stairs_1
D:4:      layout_basic, temple_statues, serial_forest, infiniplex_forest_end_2,
          infiniplex_forest_split, infiniplex_forest_corner_1,
          infiniplex_forest_clump_curved, infiniplex_forest_clump_medium,
          infiniplex_forest_straight_3, infiniplex_forest_straight_2,
          infiniplex_forest_lined_1
D:5:      layout_loops_ring, nicolae_sif_muna_little_library, tso_altar,
          hangedman_abyss_or_decor_passed, nicolae_sextant, uniq_edmund
D:6:      layout_gridville, mainiacjoe_overflow_surrounded_room,
          minmay_hedge_maze, nrook_pool_corridor, minmay_small_thing
D:7:      layout_cave_pools, roderic_lattice_a
D:8:      layout_rooms, grunt_lair_entry_orc_guard_hut, enter_bailey_2,
          minmay_misc_feat_columns, minivault_5
D:9:      layout_basic
D:10:     layout_layer_cave, nemelex_diamond_rough_becter, minmay_radiant,
          uniq_maurice
D:11:     layout_cave_pools, orc_0_dummy, nicolae_neqoxec_dot_bat
D:12:     layout_stronghold, guppyfry_shop_earth
D:13:     layout_roguey [special_room_orc], david_vaults_4
D:14:     kennysheep_snake, layout_loops_ring, serial_shops,
          nicolae_shop_peninsula, fedhas_altar_1, nicolae_looking_at_the_future
D:15:     hangedman_depths_entry_civil_slaughter, layout_stronghold,
          fountainhead, minivault_24, uniq_agnes
Lair:1:   layout_hall_layers, gammafunk_ghost_necromancy, uniq_prince_ribbit2
Lair:2:   layout_concentric_octagons, elwin_shoals_entry_rooms,
          nicolae_spider_entry_orb_guardian, minmay_shattered_shrine,
          serial_bayou_shore_a, uniq_gastronok
Lair:3:   layout_loops_ring, pond
Lair:4:   layout_small_grid, minmay_slime_entry_oklob_enclosed,
          grunt_megastairs_4, uniq_nessos
Lair:5:   grunt_lair_end_beastmaster, layout_long_grid, gauntlet_entry_generic,
          evilmike_ambush [evilmike_ambush_outer_basic,
          evilmike_ambush_inner_basic], infiniplex_staircase_pool_2
Shoals:1: layout_shoals, serial_shops, bzr_entry_lakeside
Shoals:2: layout_shoals, portal_ice_cave_entry_frozen_things,
          regret_index_shoals_crete
Shoals:3: layout_shoals, nicolae_shoals_the_drawing_of_the_three
Shoals:4: shoals_end_grunt_garden, layout_shoals, nicolae_shoals_drake_roost,
          uniq_polyphemus, uniq_roxanne
Spider:1: layout_spider_delve
Spider:2: layout_spider_delve, nicolae_spider_circle_web,
          nicolae_spider_nooks_and_crannies, uniq_louise
Spider:3: layout_cave_pods, nicolae_spider_eight_legs
Spider:4: spider_rune_water, drop_trap
Slime:1:  layout_caves
Slime:2:  layout_caves
Slime:3:  layout_caves
Slime:4:  layout_caves, cheibrodos_slime_lost_civilization_7
Slime:5:  slime_pit_nicolae_inversion
Orc:1:    layout_diamond_mine, enter_volcano_4
Orc:2:    grunt_orc_gardens, layout_diamond_mine, grunt_orc_garden,
          grunt_orc_garden, grunt_orc_garden, grunt_orc_garden, serial_shops,
          nicolae_shop_dealshenge, uniq_saint_roka
Depths:1: layout_cave_shapes, serial_shops, nicolae_shop_waterfront,
          grunt_hell_horde, nicolae_benzene_ring, hangedman_ru_absence,
          minmay_shop_star
Depths:2: minmay_the_grid_triangle_9x9_rhombus_full
          [minmay_the_grid_triangle_9x9_limited_checkers,
          minmay_the_grid_triangle_9x9_fully_insulated_deathbox,
          minmay_the_grid_triangle_9x9_intruding_spiral,
          minmay_the_grid_triangle_9x9_from_above,
          minmay_the_grid_triangle_9x9_checkered,
          minmay_the_grid_triangle_9x9_dagger,
          minmay_the_grid_triangle_9x9_corruption,
          minmay_the_grid_triangle_9x9_prize_top_heavy], layout_gridville,
          hell_entry, rand_demon_pan_entry_4, infiniplex_staircase_pillars_1
Depths:3: kennysheep_bubble_arena, layout_long_grid,
          hellmonk_ghost_happy_afterlife, hellmouth_1, minmay_staircase_bubble,
          grunt_pan_entry_zigzag, abyss_entry_small_statue_room, uniq_jory
Depths:4: grunt_twist_and_shout, layout_twisted_cross, enter_ziggurat_e,
          pan_entry, serial_shops, nicolae_shop_behind_doors, abyss_entry,
          hell_entry, nicolae_shop_gadgets
Zot:1:    layout_gridlike, grunt_megastairs_5, uniq_tiamat
Zot:2:    layout_misc_corridors, nicolae_diode_quadrants
Zot:3:    layout_misc_corridors
Zot:4:    circus_mu, layout_onion
Zot:5:    layout_basic

Skill      XL: |  1  2  3  4  5  6  7  8  9 10 11 12 13 14 15 16 17 18 19 20 21 22 |
---------------+-------------------------------------------------------------------+-----
Unarmed Combat | 3 5 6 7 9 12 13 15 16 | 16.2
Fighting       | 3 4 5 6 7 8 9 10 11 12 | 12.6
Shapeshifting  | 3 4 5 6 8 11 14 17 18 19 21 | 21.0
Spellcasting   | 4 5 6 8 10 | 10.0
Dodging        | 5 7 8 9 11 12 13 14 | 14.2
Transmutations | 3 4 8 10 | 10.6
Translocations | 2 5 11 | 11.5
Stealth        | 6 9 |  9.7
Air Magic      | 6 |  6.1

Action                     |  1- 3 |  4- 6 |  7- 9 | 10-12 | 13-15 | 16-18 | 19-21 | 22-24 || total
---------------------------+-------+-------+-------+-------+-------+-------+-------+-------++-------
  Melee: Unarmed           |    69 |    80 |   155 |   327 |   555 |   525 |   605 |   139 ||  2455
         Kick              |     1 |       |       |       |       |       |       |       ||     1
         Punch             |       |     1 |     6 |    18 |    23 |    31 |    71 |    22 ||   172
  Throw: Dart              |       |       |       |     1 |       |       |       |       ||     1
   Cast: Wereblood         |       |       |       |       |       |     2 |    16 |     3 ||    21
         Apportation       |       |       |       |       |       |     1 |       |     1 ||     2
 Invoke: Fiery Armour      |       |     1 |     1 |     3 |       |       |       |       ||     5
         Foxfire Swarm     |       |       |       |     4 |       |       |       |       ||     4
         Oozemancy         |       |       |       |       |     1 |     1 |     3 |     1 ||     6
         Slimify           |       |       |       |       |     1 |       |       |       ||     1
Ability: Blinkbolt         |    12 |    12 |    15 |    37 |    60 |    66 |    46 |    14 ||   262
         Begin Untransform |       |       |       |     1 |       |       |       |       ||     1
  Evoke: Wand              |       |       |       |    14 |     3 |     2 |       |     1 ||    20
    Use: Scroll            |       |     5 |     3 |     9 |    12 |     6 |     5 |     5 ||    45
         Potion            |       |       |     2 |     2 |     2 |     1 |     2 |     6 ||    15
   Stab: Sleeping          |       |     1 |     4 |     1 |     5 |       |     7 |     1 ||    19
         Petrified         |       |       |       |       |     5 |       |       |       ||     5
         Distracted        |       |       |       |       |     1 |     1 |     1 |     4 ||     7
         Confused          |       |       |       |       |       |       |     2 |       ||     2
 Armour: Animal skin       |     2 |       |       |       |       |       |       |       ||     2
         Skin              |    21 |    25 |    47 |    61 |    65 |    80 |    63 |    16 ||   378
  Dodge: Dodged            |    39 |    48 |   119 |   333 |   630 |  1031 |   930 |   151 ||  3281
   Form: Storm             |     1 |       |     1 |     1 |       |       |       |       ||     3
                           |       |       |     1 |       |       |       |       |       ||     1

Table legend: (Time is in decaauts)
 A = Elapsed time spent in this place.
 B = Non-inter-level travel time spent in this place.
 C = Inter-level travel time spent in this place.
 D = Time resting spent in this place.
 E = Time spent auto-exploring this place.
 F = Levels seen in this place.
 G = Mean time per level.
                   A        B        C        D        E       F      G
               +--------+--------+--------+--------+--------+-----+--------+
         Total |  26664 |  24291 |   2373 |   1986 |  15382 |  49 |  544.2 |
       Dungeon |  10553 |   9607 |    946 |   1264 |   6472 |  15 |  703.5 |
          Lair |   4474 |   3938 |    536 |    121 |   2881 |   5 |  894.8 |
        Shoals |   1922 |   1776 |    146 |     50 |   1186 |   4 |  480.5 |
   Spider Nest |   2012 |   1871 |    141 |     24 |   1317 |   4 |  503.0 |
    Slime Pits |    488 |    377 |    111 |      0 |    283 |   5 |   97.6 |
  Orcish Mines |    971 |    838 |    133 |      0 |    406 |   2 |  485.5 |
        Depths |   3424 |   3088 |    336 |    143 |   1988 |   4 |  856.0 |
           Zot |   1387 |   1365 |     22 |    239 |    437 |   5 |  277.4 |
        Bazaar |     93 |     93 |      0 |      0 |     32 |   1 |   93.0 |
        Bailey |    371 |    371 |      0 |     44 |    149 |   1 |  371.0 |
      Ice Cave |    379 |    379 |      0 |      0 |    165 |   1 |  379.0 |
       Volcano |    331 |    331 |      0 |     96 |     61 |   1 |  331.0 |
      Gauntlet |    255 |    255 |      0 |      4 |      0 |   1 |  255.0 |
               +--------+--------+--------+--------+--------+-----+--------+

Top non-repeatable levels by time:
     D:9: 1340 daAuts
Depths:2: 1180 daAuts
     D:4: 1046 daAuts
  Lair:4: 979 daAuts
  Lair:2: 973 daAuts
     D:8: 930 daAuts
    D:10: 916 daAuts
  Lair:1: 909 daAuts
  Lair:3: 882 daAuts
     D:3: 862 daAuts
Depths:3: 818 daAuts
Depths:1: 775 daAuts
    D:15: 738 daAuts
     D:6: 736 daAuts
Spider:4: 729 daAuts
